 Dungeon Crawl Stone Soup version 0.30.0-18-gc0e69614cb (webtiles) character file.

Game seed: 242733169212475012

91 Darkkill the Shooter (level 4, 0/38 HPs)
             Began as a Minotaur Hunter on May 23, 2023.
             Killed from afar by an orc wizard (5 damage)
             ... with a magic dart
             ... on level 5 of the Dungeon.
             The game lasted 00:02:36 (1368 turns).

Darkkill the Shooter (Minotaur Hunter)              Turns: 1368, Time: 00:02:37

Health: 0/38       AC:  4    Str: 15    XL:     4   Next: 34%
Magic:  3/3        EV: 13    Int:  6    God:
Gold:   148        SH:  0    Dex: 16    Spells: 3/3 levels left

rFire   . . .        a - +1 shortbow
rCold   . . .        (shield currently unavailable)
rNeg    . . .        c - +0 leather armour
rPois   .            (helmet restricted)
rElec   .            (no cloak)
rCorr   .            k - +0 pair of gloves
SInv    .            (no boots)
Will    .....        (no amulet)
Stlth   ++           (no ring)
HPRegen 0.26/turn    (no ring)
MPRegen 0.08/turn

%: no passive effects
@: no status effects
A: horns 2, retaliatory headbutt
a: no special abilities


You were on level 5 of the Dungeon.
You visited 1 branch of the dungeon, and saw 4 of its levels.

You collected 148 gold pieces.

Inventory:

Hand Weapons
 a - a +1 shortbow (weapon)
Missiles
 d - 24 stones
 p - 6 poisoned darts
Armour
 c - a +0 leather armour (worn)
 k - a +0 pair of gloves (worn)
Jewellery
 n - the ring "Nemuq" {Fly rN++ MP+9 Int+3 Dex-3}
   (You found it on level 2 of the Dungeon)

   [ring of flight]

   Int:       It affects your intelligence (+3).
   Dex:       It affects your dexterity (-3).
   rN:        It greatly protects you from negative energy.
   MP:        It affects your magic capacity (+9).
   Fly:       It grants you flight.
Scrolls
 b - a scroll of immolation
Potions
 e - a potion of curing {unknown}
 i - a potion of brilliance {unknown}
 l - a potion of magic {unknown}


   Skills:
 + Level 3.5 Fighting
 + Level 4.9 Ranged Weapons
 + Level 3.2 Dodging
 + Level 1.8 Stealth


You had 3 spell levels left.
You didn't know any spells.
Your spell library contained the following spells:

 Spells                   Type           Power      Damage    Failure   Level
 Animate Dead             Necr           0%         N/A       99%         4
 Borgnjor's Vile Clutch   Necr/Erth      0%         N/A       100%        5
 Death Channel            Necr           0%         N/A       100%        6


Dungeon Overview and Level Annotations

Branches:
Dungeon (3/15)

Altars:


Innate Abilities, Weirdness & Mutations

You have a pair of horns on your head.
You reflexively headbutt those who attack you in melee.


Message History

There are monsters nearby!
You shoot an arrow.
The arrow barely misses the frilled lizard.
There are monsters nearby!
You shoot an arrow.
The arrow closely misses the frilled lizard.
The frilled lizard closely misses you.
There are monsters nearby!
You shoot an arrow. The arrow hits the frilled lizard!
You kill the frilled lizard!
A dart slug is nearby!
You shoot an arrow. The arrow hits the dart slug!
You kill the dart slug!
No target in view!
HP restored.
Found a chain mail.
You see here a frilled lizard corpse.
You now have 143 gold pieces (gained 12).
A kobold comes into view. It is wielding a +0 club.
You shoot an arrow. The arrow hits the kobold!
You kill the kobold!
A sourceless malevolence fills the Dungeon...
You fall into a shaft and drop 2 floors!
The shaft crumbles and collapses.
You hear the sound of rushing water.
There is an entrance to a sewer on this level.
Hurry and find it before the portal rusts away!
You open the door. You open the door.
A white imp comes into view.
You shoot an arrow. The arrow hits the white imp!
The white imp is heavily wounded.
A white imp is nearby!
You shoot an arrow. The arrow hits the white imp.
The white imp is severely wounded.
The white imp barely misses you.
You shoot an arrow. The arrow hits the white imp!
You kill the white imp!
No target in view!
No target in view!
There is an open door here.
You now have 148 gold pieces (gained 5).
Found a stone staircase leading up.
You open the door.
An orc and an orc priest come into view.
The orc shouts!
The orc priest shouts!
You hear a shout! x3; You hear a bark!
An orc comes into view.
It is wielding a +0 trident and quivering boomerangs of dispersal.
An orc comes into view. It is wielding a +0 club.
An orc wizard comes into view. It is wielding a +0 dagger.
An ogre comes into view. It is wielding a +0 giant club.
The orc shouts!
You hear a shout!
Found 3 javelins and 9 gold pieces.
You shoot an arrow. The arrow hits the orc wizard!
The orc wizard is heavily wounded.
You shoot an arrow.
The arrow hits the orc but does no damage.
A hound comes into view.
The orc priest invokes the aid of Beogh against you.
Beogh smites you!
You shoot an arrow.
The arrow closely misses the orc wizard.
The arrow hits the orc.
The orc is heavily wounded.
The orc priest miscasts a cantrip.
The orc closely misses you.
You shoot an arrow. The arrow hits the orc wizard.
The orc wizard is severely wounded.
The orc barely misses you. The orc wizard misses you.
You shoot an arrow.
The arrow hits the orc wizard but does no damage.
The orc wizard is severely wounded.
The orc hits you from afar with a +0 trident.
The orc wizard gestures wildly while chanting.
The orc wizard flickers and vanishes!
Deactivating autopickup; reactivate with Ctrl-A.
The orc hits you from afar with a +0 trident.
You shoot an arrow. The arrow hits the orc.
You kill the orc!
You hear some strange, mumbled words.
A puff of flame appears from out of thin air!
The puff of flame hits you!
The orc hits you from afar with a +0 trident.
* * * LOW HITPOINT WARNING * * *
You shoot an arrow. The arrow hits the orc!
You kill the orc!
Something hits you.
* * * LOW HITPOINT WARNING * * *
The orc completely misses you.
As you read the scroll of fog, it crumbles to dust.
The scroll dissolves into smoke.
The orc closely misses you. Something hits you but does no damage.
The orc priest barely misses you.
You hear some strange, mumbled words.
A puff of flame appears from out of thin air!
The puff of flame misses you. Something hits you but does no damage.
The orc priest hits you with a +0 club.
* * * LOW HITPOINT WARNING * * *
You hear some strange, mumbled words.
A magic dart appears from out of thin air!
The magic dart hits you.
You die...

#.# #.# #############
#.# #........... ####'##
#..........# ......#
#..........# ......#
#..........#+### ......#
#.............<# ......#
#...§§.........#
......###....§§§@§.....#
........'....§§o{§.#+#.#
##+######.....hO§§.#
#######§##.#


o§h .. (.... ### ....... #.......# #...$.... You could see an ogre, a hound and
an orc priest.

Vanquished Creatures
  An adder (D:2)
  A white imp (D:5)
  A worm (D:2)
  5 dart slugs
  2 orcs (D:5)
  5 ball pythons
  4 bats
  4 endoplasms
  2 giant cockroaches (D:1)
  4 goblins (D:2)
  4 hobgoblins
  4 jackals (D:2)
  4 quokkas
  5 frilled lizards
  8 kobolds
  4 rats (D:1)
58 creatures vanquished.

Notes
Turn   | Place    | Note
-------+----------+-------------------------------------------
     0 | D:1      | Darkkill the Minotaur Hunter began the quest for the Orb.
     0 | D:1      | Reached XP level 1. HP: 18/18 MP: 0/0
    34 | D:1      | Reached skill level 1 in Stealth
    53 | D:1      | Reached XP level 2. HP: 10/25 MP: 1/1
   386 | D:1      | Found a faded altar of an unknown god.
   459 | D:1      | Reached XP level 3. HP: 31/31 MP: 2/2
   801 | D:2      | Identified the ring "Nemuq" {Fly rN++ MP+9 Int+3 Dex-3}
  1048 | D:2      | Reached XP level 4. HP: 38/38 MP: 3/3
  1326 | D:3      | You fall into a shaft and drop 2 floors!
  1326 | D:5      | Entered Level 5 of the Dungeon
  1357 | D:5      | Noticed an ogre
  1368 | D:5      | HP: 5/38 [orc priest/+0 club (5)]
  1368 | D:5      | Killed from afar by an orc wizard

Illustrated notes

Levels and vault maps discovered:
D:1:      matt_arrival_spirals, layout_rooms,
          shapermc_ecumenical_altar_mp_urbaneastern
D:2:      layout_rooms
D:3:      layout_rooms, okawaru_altar_gauntlet_db, serial_shops,
          nicolae_shop_mannequins, dk_vineyard_1
D:5:      layout_basic, minmay_overflow_temple_star_hex,
          trog_three_pillars_becter, portal_sewer_entry_d, roderic_batcave,
          st_stairs_13, minmay_fractal_squares_5, uniq_duvessa, uniq_ijyb,
          uniq_pikel

Skill      XL: |  1  2  3 |
---------------+----------+-----
Stealth        | 1 |  1.8
Fighting       | 3 |  3.5
Dodging        | 3 |  3.2
Ranged Weapons | |  4.9

Action                     |  1- 3 |  4- 6 || total
---------------------------+-------+-------++-------
   Fire: Shortbow          |   112 |    28 ||   140
    Use: Scroll            |     6 |     4 ||    10
 Armour: Leather armour    |    17 |     2 ||    19
  Dodge: Dodged            |    32 |     9 ||    41

Levels and vault maps discovered:
D:1:      matt_arrival_spirals, layout_rooms,
          shapermc_ecumenical_altar_mp_urbaneastern
D:2:      layout_rooms
D:3:      layout_rooms, okawaru_altar_gauntlet_db, serial_shops,
          nicolae_shop_mannequins, dk_vineyard_1
D:5:      layout_basic, minmay_overflow_temple_star_hex,
          trog_three_pillars_becter, portal_sewer_entry_d, roderic_batcave,
          st_stairs_13, minmay_fractal_squares_5, uniq_duvessa, uniq_ijyb,
          uniq_pikel

Table legend: (Time is in decaauts)
 A = Elapsed time spent in this place.
 B = Non-inter-level travel time spent in this place.
 C = Inter-level travel time spent in this place.
 D = Time resting spent in this place.
 E = Time spent auto-exploring this place.
 F = Levels seen in this place.
 G = Mean time per level.
                   A        B        C        D        E       F      G
               +--------+--------+--------+--------+--------+-----+--------+
         Total |   1408 |   1389 |     19 |    100 |    943 |   4 |  352.0 |
       Dungeon |   1408 |   1389 |     19 |    100 |    943 |   4 |  352.0 |
               +--------+--------+--------+--------+--------+-----+--------+

Top non-repeatable levels by time:
     D:1: 688 daAuts
     D:2: 512 daAuts
     D:3: 162 daAuts
     D:5: 44 daAuts

Table legend:
 A = Kills in this place as a percentage of kills in the entire game.
 B = Kills by you in this place as a percentage of kills by you in the entire game.
 C = Kills by friends in this place as a percentage of kills by friends in the entire game.
 D = Other kills in this place as a percentage of other kills in the entire game.
 E = Experience gained in this place as a percentage of experience gained in the entire game.
 F = Experience gained in this place divided by the number of levels of this place that you have seen.
                   A       B       C       D       E      F
               +-------+-------+-------+-------+-------+----------------------
         Total | 100.0 | 100.0 |   N/A |   N/A | 100.0 |  32.8
       Dungeon | 100.0 | 100.0 |   N/A |   N/A | 100.0 |  32.8
               +-------+-------+-------+-------+-------+----------------------
